[Event "Titled Tuesday Blitz February 14 Late 2023"]
[White "Petrovic, Aleksa"]
[Black "Delorme, Alban"]
[WhiteFideId "967629"]
[BlackFideId "623636"]
[WhiteElo "2332"]
[BlackElo "2298"]
[Result "1-0"]
[Round "09"]
[TimeControl "180+2"]
[Date "2023.02.14"]
[WhiteClock "0:00:11"]
[BlackClock "0:00:02"]

1. d4 Nf6 2. c4 g6 3. Nc3 Bg7 4. e4 d6 5. Be2 O-O 6. Nf3 e5 7. O-O exd4 8. Nxd4 Re8 9. f3 c6 10. Kh1 d5 11. exd5 cxd5 12. c5 Nc6 13. Ncb5 Nh5 14. Nxc6 bxc6 15. Nd6 Qh4 16. Qe1 Qxe1 17. Rxe1 Re7 18. Bg5 Bf6 19. Bxf6 Nxf6 20. Bd3 Be6 21. b4 d4 22. b5 cxb5 23. Nxb5 Nd5 24. Nxd4 Rc8 25. Rac1 Nb4 26. Bb1 Rec7 27. a3 Nd5 28. c6 Ne7 29. Be4 Bd5 30. Bxd5 Nxd5 31. Rc5 Nf4 32. Re3 Ne6 33. Nxe6 Rxc6 34. Rec3 Rxc5 35. Nxc5 Rd8 36. h4 Kg7 37. Ne4 Rd1+ 38. Kh2 h5 39. Rc7 1-0


[Site "https://www.chess.com"]

[Event "Titled Tuesday Blitz February 14 Late 2023"]
[White "Smith, Garrett L"]
[Black "Rodrigues, Tiago Pereira"]
[WhiteFideId "2024829"]
[BlackFideId "2101203"]
[WhiteElo "2047"]
[BlackElo "2155"]
[Result "0-1"]
[Round "09"]
[TimeControl "180+2"]
[Date "2023.02.14"]
[WhiteClock "0:01:04"]
[BlackClock "0:02:23"]

1. e4 c5 2. a3 d5 3. exd5 Qxd5 4. Nc3 Qd6 5. Bc4 a6 6. d3 e6 7. Be3 Nf6 8. Nge2 Qc7 9. O-O b5 10. Ba2 Bb7 11. Ng3 Nbd7 12. a4 Bc6 13. axb5 axb5 14. Nce4 Be7 15. Bb3 O-O 16. c3 Nd5 17. Bg5 Rxa1 18. Qxa1 Ra8 19. Qd1 Bf8 20. d4 c4 21. Bc2 f5 22. Nd2 h6 23. Bh4 g5 24. Qh5 N7f6 25. Qg6+ Qg7 0-1


[Site "https://www.chess.com"]

[Event "Titled Tuesday Blitz February 14 Late 2023"]
[White "Chor, Kevin"]
[Black "Forgacs, Attila Jr."]
[WhiteFideId "2090740"]
[BlackFideId "773654"]
[WhiteElo "1944"]
[BlackElo "2264"]
[Result "1/2-1/2"]
[Round "09"]
[TimeControl "180+2"]
[Date "2023.02.14"]
[WhiteClock "0:00:03"]
[BlackClock "0:00:04"]

1. e4 e5 2. Nf3 Nc6 3. Bb5 a6 4. Ba4 Nf6 5. O-O Be7 6. Re1 b5 7. Bb3 O-O 8. d4 d6 9. c3 Bg4 10. Be3 Bh5 11. Nbd2 Na5 12. Bc2 Ng4 13. Nf1 Nxe3 14. Nxe3 exd4 15. cxd4 c5 16. g4 Bg6 17. Nd5 Re8 18. b3 Nc6 19. Qd2 Qd7 20. h3 Bd8 21. dxc5 Kh8 22. Nf4 Ba5 23. Qxd6 Qxd6 24. cxd6 Bxe1 25. Rxe1 Rad8 26. Nxg6+ hxg6 27. Ng5 Kg8 28. Rd1 f6 29. Nf3 Re6 30. d7 Re7 31. Rd6 Nb4 32. e5 Rexd7 33. Rxd7 Rxd7 34. Bxg6 fxe5 35. Nxe5 Rd1+ 36. Kg2 Nxa2 37. h4 Nb4 38. h5 a5 39. g5 Re1 40. f4 Re3 41. h6 gxh6 42. gxh6 Rxe5 43. fxe5 a4 44. e6 Nc6 45. bxa4 bxa4 46. Be8 Nd4 47. e7 Nf5 48. Bxa4 Nxe7 49. Bb3+ Kh7 50. Bc2+ Kxh6 1/2-1/2


[Site "https://www.chess.com"]

[Event "Titled Tuesday Blitz February 14 Late 2023"]
[White "Meunier-Pion, Jean"]
[Black "Bilan, Danila"]
[WhiteFideId "20685327"]
[BlackFideId "24161918"]
[WhiteElo "2215"]
[BlackElo "2303"]
[Result "0-1"]
[Round "09"]
[TimeControl "180+2"]
[Date "2023.02.14"]
[WhiteClock "0:00:02"]
[BlackClock "0:00:51"]

1. e4 c6 2. d4 d5 3. e5 c5 4. dxc5 Nc6 5. Nf3 Bg4 6. Be2 e6 7. a3 Bxc5 8. O-O Bxf3 9. Bxf3 Nxe5 10. b4 Nxf3+ 11. Qxf3 Bd4 12. Ra2 Nf6 13. Rd1 Be5 14. c4 O-O 15. Re2 Qc7 16. c5 Bxh2+ 17. Kh1 Be5 18. Qe3 Ne4 19. f4 Bf6 20. g4 g6 21. Rg1 Bg7 22. Nd2 f5 23. gxf5 exf5 24. Nf3 Nc3 0-1


[Site "https://www.chess.com"]

[Event "Titled Tuesday Blitz February 14 Late 2023"]
[White "Rottenwohrer Suarez, Juan"]
[Black "Ramirez Allo, Eduardo"]
[WhiteFideId "32068182"]
[BlackFideId "2224178"]
[WhiteElo "2265"]
[BlackElo "2274"]
[Result "0-1"]
[Round "09"]
[TimeControl "180+2"]
[Date "2023.02.14"]
[WhiteClock "0:00:11"]
[BlackClock "0:00:44"]

1. Nf3 Nf6 2. g3 g6 3. Bg2 Bg7 4. O-O O-O 5. b3 b6 6. Bb2 Bb7 7. c4 d6 8. d4 Nbd7 9. d5 c5 10. dxc6 Bxc6 11. Nc3 a6 12. a4 Qc7 13. Qc2 Qb7 14. Rfd1 Rac8 15. Qb1 Nc5 16. Qa2 Rfd8 17. a5 bxa5 18. Ba3 Nxb3 19. Rab1 a4 20. Nh4 Bxg2 21. Nxg2 Rxc4 22. Nxa4 Rxa4 23. Rxb3 Qc6 24. Rb4 Rxb4 25. Bxb4 Rb8 26. Bd2 Ne4 27. Be1 e6 28. Nf4 d5 29. Qa5 Bf6 30. Nd3 Rb5 31. Qa2 h5 32. Nb4 Qb6 33. Nxa6 Rb2 34. Qa4 Rxe2 35. Qe8+ Kg7 0-1


[Site "https://www.chess.com"]

[Event "Titled Tuesday Blitz February 14 Late 2023"]
[White "Tworuszka, Michal"]
[Black "Miszler, Levente"]
[WhiteFideId "1117858"]
[BlackFideId "763276"]
[WhiteElo "2260"]
[BlackElo "2271"]
[Result "1-0"]
[Round "09"]
[TimeControl "180+2"]
[Date "2023.02.14"]
[WhiteClock "0:01:42"]
[BlackClock "0:02:17"]

1. e4 e6 2. d4 d5 3. Nd2 f5 4. exf5 exf5 5. Ngf3 Nf6 6. Bd3 Bd6 7. Qe2+ Qe7 8. Qxe7+ Kxe7 9. O-O Ne4 10. Ne5 Nc6 11. Nxc6+ bxc6 12. f3 Nxd2 13. Bxd2 c5 14. Rae1+ Kf6 15. dxc5 Bxc5+ 16. Kh1 Bd7 17. Bf4 Bd6 18. Bxd6 cxd6 19. Kg1 Rhe8 20. Kf2 Rab8 21. b3 Rxe1 22. Rxe1 Bb5 23. Bxb5 Rxb5 24. Ke3 Ra5 25. a4 Rc5 26. Kd3 Rc8 27. c3 a5 28. Rb1 Ke5 29. b4 axb4 30. cxb4 d4 31. b5 Kd5 32. b6 Kc6 33. Rc1+ Kb7 34. Rxc8 Kxc8 35. Kxd4 Kb7 36. a5 1-0


[Site "https://www.chess.com"]

[Event "Titled Tuesday Blitz February 14 Late 2023"]
[White "Pasti, Aron"]
[Black "Vaglio Mattey, Emanuel"]
[WhiteFideId "785857"]
[BlackFideId "6504167"]
[WhiteElo "2361"]
[BlackElo "2155"]
[Result "1-0"]
[Round "09"]
[TimeControl "180+2"]
[Date "2023.02.14"]
[WhiteClock "0:00:29"]
[BlackClock "0:00:01"]

1. e4 c6 2. d4 d5 3. Nc3 dxe4 4. Nxe4 Nf6 5. Nxf6+ exf6 6. c3 g6 7. Bd3 Bg7 8. h4 O-O 9. h5 Re8+ 10. Ne2 Nd7 11. Be3 Nf8 12. Qc2 Qd5 13. c4 Qxg2 14. O-O-O Qg4 15. Rdg1 Qd7 16. Nf4 g5 17. h6 Bh8 18. Nh5 Ng6 19. f4 Rxe3 20. fxg5 fxg5 21. Rxg5 Qxd4 22. Bxg6 Qxb2+ 23. Qxb2 Bxb2+ 24. Kd2 Re5 25. Bxh7+ Kf8 26. Rg8+ Ke7 27. Bd3 Ra5 28. Ng7 Rxa2 29. Ke3 Bxg7 30. hxg7 Rg2 31. Rhh8 Be6 32. Rxa8 Rxg7 33. Rxa7 Kd6 34. Rxb7 Rg3+ 35. Kd2 Kc5 36. Rh5+ Kd4 37. Rh4+ Kc5 38. Ra7 Rg2+ 39. Kc3 Rg3 40. Ra1 Bf5 41. Ra5+ Kb6 42. Rxf5 Rg1 43. c5+ Ka5 44. Rh2 Ra1 45. Rh8 Rc1+ 46. Kd4 Rg1 47. Rf2 Rg4+ 48. Kc3 Rg3 49. Ra8# 1-0


[Site "https://www.chess.com"]

[Event "Titled Tuesday Blitz February 14 Late 2023"]
[White "reevecanada"]
[Black "Kostiukov, Alexandr"]
[BlackFideId "14108100"]
[WhiteElo "2466"]
[BlackElo "2271"]
[Result "1-0"]
[Round "09"]
[TimeControl "180+2"]
[Date "2023.02.14"]
[WhiteClock "0:00:21"]
[BlackClock "0:00:10"]

1. e4 c5 2. Nf3 g6 3. d4 cxd4 4. Qxd4 Nf6 5. Bb5 a6 6. e5 axb5 7. exf6 Nc6 8. Qd3 e6 9. O-O Qxf6 10. Qxb5 Bg7 11. Nc3 d5 12. Nxd5 exd5 13. Re1+ Be6 14. Qxb7 O-O 15. Qxc6 Rfc8 16. Qb5 Rxc2 17. a4 h6 18. a5 g5 19. a6 g4 20. Qb7 Rcc8 21. Ne5 Rab8 22. Qa7 Ra8 23. Qe3 Bf5 24. Qf4 Re8 25. Bd2 Rxe5 26. Bc3 Rxe1+ 27. Rxe1 Qg6 28. Bxg7 Kxg7 29. a7 Rxa7 30. Qd4+ Qf6 31. Qxa7 Be4 32. Qe3 Qxb2 33. Qf4 h5 34. f3 Qd4+ 35. Kh1 Qf2 36. Rg1 gxf3 37. gxf3+ Kf8 38. Qd6+ Ke8 39. Rg8# 1-0


[Site "https://www.chess.com"]

[Event "Titled Tuesday Blitz February 14 Late 2023"]
[White "Buchenau, Frank"]
[Black "Fajdetic, Hrvoje"]
[WhiteFideId "4604350"]
[BlackFideId "14501945"]
[WhiteElo "2222"]
[BlackElo "2151"]
[Result "1-0"]
[Round "09"]
[TimeControl "180+2"]
[Date "2023.02.14"]
[WhiteClock "0:00:12"]
[BlackClock "0:00:02"]

1. e4 c5 2. Nf3 a6 3. c3 d5 4. exd5 Qxd5 5. d4 Bg4 6. Be2 Nf6 7. h3 Bh5 8. Be3 cxd4 9. cxd4 e6 10. Nc3 Qa5 11. O-O Nc6 12. Qb3 Qb4 13. Qc2 Rd8 14. a3 Qa5 15. Rad1 Be7 16. Rfe1 Bg6 17. Qb3 Qc7 18. Nh4 Nd5 19. Nxg6 hxg6 20. Nxd5 Rxd5 21. Bf3 Rb5 22. Qc2 O-O 23. d5 exd5 24. Bxd5 Bf6 25. b4 Rd8 26. Bc4 Rf5 27. g4 Rf3 28. Kg2 Rxd1 29. Qxd1 Ne5 30. Bd5 Rxe3 31. Rxe3 b6 32. f4 Nc4 33. Re8+ Kh7 34. Bxc4 Qxc4 35. Qf3 a5 36. g5 Bd4 37. Qe2 Qxe2+ 38. Rxe2 axb4 39. axb4 Bc3 40. b5 Bd4 41. Kf3 f6 42. Re7 Kg8 43. Rd7 Bc5 44. h4 Kf8 45. Ke4 Kg8 46. Kd5 1-0


[Site "https://www.chess.com"]

[Event "Titled Tuesday Blitz February 14 Late 2023"]
[White "Papayan, Oleg"]
[Black "Vaglio Munoz, Jaime"]
[WhiteFideId "4193911"]
[BlackFideId "6500145"]
[WhiteElo "2253"]
[BlackElo "2174"]
[Result "0-1"]
[Round "09"]
[TimeControl "180+2"]
[Date "2023.02.14"]
[WhiteClock "0:00:03"]
[BlackClock "0:00:44"]

1. e4 e6 2. d4 d5 3. Nc3 dxe4 4. Nxe4 Nf6 5. Nxf6+ Qxf6 6. Nf3 h6 7. Bd3 Nc6 8. O-O Bd6 9. c3 O-O 10. Re1 e5 11. dxe5 Nxe5 12. Nxe5 Bxe5 13. Qe2 Re8 14. Be3 Bd7 15. Rad1 Bc6 16. Qg4 Rad8 17. Qf5 Qxf5 18. Bxf5 g6 19. Bc2 Kg7 20. Rxd8 Rxd8 21. Rd1 Re8 22. h3 Bd6 23. Bd4+ f6 24. Bd3 a6 25. b4 b5 26. Kf1 Kf7 27. Ra1 Be5 28. Bxe5 Rxe5 29. a4 Ke7 30. axb5 axb5 31. Ra6 Be8 32. Ra7 Kd6 33. Ra8 g5 34. Rd8+ Ke7 35. Rb8 Bd7 36. Rb7 Kd6 37. Rb8 f5 38. Rh8 Rd5 39. Be2 Re5 40. Rxh6+ Be6 41. Bxb5 Rxb5 42. h4 g4 43. h5 Re5 44. Rh8 f4 45. h6 g3 46. fxg3 fxg3 47. h7 Bc4+ 48. Kg1 Re1# 0-1


[Site "https://www.chess.com"]

[Event "Titled Tuesday Blitz February 14 Late 2023"]
[White "Torres Dominguez, David"]
[Black "Martic, Ivan"]
[WhiteFideId "2220857"]
[BlackFideId "929301"]
[WhiteElo "1994"]
[BlackElo "2301"]
[Result "0-1"]
[Round "09"]
[TimeControl "180+2"]
[Date "2023.02.14"]
[WhiteClock "0:00:13"]
[BlackClock "0:00:24"]

1. e4 d6 2. Nc3 c5 3. Bb5+ Bd7 4. Bxd7+ Nxd7 5. d3 Ngf6 6. f4 g6 7. Nf3 Bg7 8. O-O O-O 9. Qe1 Rb8 10. a4 e6 11. Qh4 a6 12. f5 exf5 13. Bh6 Ng4 14. Qxd8 Rbxd8 15. Bxg7 Kxg7 16. exf5 Ne3 17. Rf2 Nxf5 18. Nd5 Ne5 19. Nxe5 dxe5 20. c4 h5 21. Re1 f6 22. g3 Nd4 23. Ref1 f5 24. Re1 Rde8 25. Kg2 a5 26. h3 Re6 27. Nc7 Rc6 28. Nd5 Re8 29. g4 hxg4 30. hxg4 Rd6 31. gxf5 gxf5 32. Kf1 Rg6 33. Rg2 Rxg2 34. Kxg2 Nc6 35. Re3 Re6 36. Kf2 Rh6 37. Rg3+ Rg6 38. Rxg6+ Kxg6 39. Nb6 Nb4 40. Ke2 Nc2 41. Nd7 Nd4+ 42. Ke3 Nc6 43. Nxc5 f4+ 44. Kf2 Kf5 45. Nxb7 Nb4 46. Nd6+ Kg4 47. Ke2 Kg3 48. Ne4+ Kg2 49. c5 f3+ 50. Kd2 f2 51. Nxf2 Kxf2 52. d4 exd4 53. b3 Kf3 0-1


[Site "https://www.chess.com"]

[Event "Titled Tuesday Blitz February 14 Late 2023"]
[White "Sanchez Alvares, Kelvin Antonio"]
[Black "Guzman Moneo, Alberto"]
[WhiteFideId "3906680"]
[BlackFideId "2209616"]
[WhiteElo "2243"]
[BlackElo "2170"]
[Result "0-1"]
[Round "09"]
[TimeControl "180+2"]
[Date "2023.02.14"]
[WhiteClock "0:00:02"]
[BlackClock "0:00:27"]

1. e4 c5 2. Nf3 Nc6 3. d4 cxd4 4. Nxd4 g6 5. c4 Nf6 6. Nc3 d6 7. f3 Nxd4 8. Qxd4 Bg7 9. Be3 O-O 10. Qd2 a5 11. Rc1 a4 12. Be2 Qa5 13. Nd5 Nxd5 14. Qxa5 Rxa5 15. cxd5 Bxb2 16. Rc7 e6 17. Bb6 Ra8 18. Kd2 exd5 19. exd5 a3 20. Bd3 h5 21. h4 Bf6 22. Rc4 Bd7 23. Rc7 Bc8 24. Rc4 Be5 25. g4 hxg4 26. fxg4 Bd7 27. h5 Bb5 28. Rc7 Bxd3 29. Kxd3 Ra4 30. hxg6 Rxg4 31. gxf7+ Rxf7 32. Rc8+ Kg7 33. Be3 Rf3 34. Ke2 Rfg3 35. Rc7+ Kg6 36. Rxb7 Re4 37. Rb3 Bd4 38. Kd3 Rgxe3+ 0-1


[Site "https://www.chess.com"]

[Event "Titled Tuesday Blitz February 14 Late 2023"]
[White "Figorito, Nick"]
[Black "Golubev, Mikhail"]
[WhiteFideId "30923689"]
[BlackFideId "14100983"]
[WhiteElo "2036"]
[BlackElo "2461"]
[Result "1-0"]
[Round "09"]
[TimeControl "180+2"]
[Date "2023.02.14"]
[WhiteClock "0:00:10"]
[BlackClock "0:00:01"]

1. Nf3 d6 2. g3 g6 3. Bg2 Bg7 4. O-O e5 5. c4 Nc6 6. Nc3 f5 7. d3 h6 8. Rb1 a5 9. a3 g5 10. Nd5 Nce7 11. b4 Nxd5 12. cxd5 axb4 13. axb4 Nf6 14. Ne1 O-O 15. Qc2 Rf7 16. Bb2 f4 17. Nf3 Bf5 18. Nd2 h5 19. Ne4 Nxe4 20. dxe4 Bd7 21. b5 b6 22. Bc3 g4 23. Bd2 h4 24. Rfc1 Rc8 25. Be1 fxg3 26. fxg3 h3 27. Bh1 Bh6 28. Bd2 Bxd2 29. Qxd2 Qe7 30. Rf1 Rcf8 31. Rbc1 Be8 32. Rf5 Rxf5 33. exf5 Rxf5 34. Be4 Rf7 35. Qh6 Rg7 36. Bf5 Qg5 37. Qxg5 Rxg5 38. Be6+ Kf8 39. Rxc7 Rg7 40. Rc8 Ra7 41. Bxg4 Ke7 42. Bxh3 Bxb5 43. Rh8 Ra2 44. Bg4 Bxe2 45. Bxe2 Rxe2 46. Rb8 Re1+ 47. Kf2 Rb1 48. h4 Kf6 49. Kf3 Rb3+ 50. Kg4 e4 51. Re8 e3 52. Kf3 e2+ 53. Kxe2 Rxg3 54. Re6+ Kf5 55. Rxd6 Ke5 56. Rd8 Rh3 57. d6 Rxh4 58. d7 Kd6 59. Ke3 Kc7 60. Rg8 Kxd7 61. Rg7+ Kd6 62. Kd3 Kc5 63. Rg6 Kb4 64. Rg5 Ka4 65. Rg6 1-0


[Site "https://www.chess.com"]

[Event "Titled Tuesday Blitz February 14 Late 2023"]
[White "Kalajzic, Ivan"]
[Black "Hajiyev, Kanan"]
[WhiteFideId "14506378"]
[BlackFideId "13404148"]
[WhiteElo "2062"]
[BlackElo "2197"]
[Result "0-1"]
[Round "09"]
[TimeControl "180+2"]
[Date "2023.02.14"]
[WhiteClock "0:00:01"]
[BlackClock "0:00:11"]

1. d4 d5 2. Nc3 c6 3. Nf3 a6 4. e4 Bg4 5. h3 Bh5 6. g4 Bg6 7. Bd3 e6 8. h4 Nf6 9. Bg5 Qa5 10. Bxf6 gxf6 11. exd5 cxd5 12. h5 Bxd3 13. Qxd3 Bh6 14. Nd2 Nc6 15. Nb3 Qc7 16. a3 O-O-O 17. Ne2 Rdg8 18. f3 Bf4 19. Rg1 h6 20. Nd2 Na5 21. Qc3 Qxc3 22. Nxc3 Nc4 23. Nxc4 dxc4 24. Ke2 Rd8 25. Rad1 b5 26. d5 Be5 27. dxe6 Bxc3 28. bxc3 fxe6 29. a4 Kc7 30. axb5 axb5 31. Rb1 Kc6 32. Rb2 e5 33. Ke3 Ra8 34. Rgb1 Rhb8 35. Ke4 Kc5 36. Kf5 Rb6 37. Rd1 Ra3 38. Rd8 Rxc3 39. Rc8+ Kd4 40. Rb1 Rxf3+ 41. Kg6 f5+ 42. Kh7 fxg4 43. Rd1+ Kc3 44. Rg8 Rf7+ 45. Kh8 Rbb7 46. Rxg4 Rf8+ 47. Rg8 Rxg8+ 48. Kxg8 Kxc2 49. Rd6 b4 50. Rxh6 b3 51. Rc6 c3 52. h6 b2 53. h7 Rxh7 0-1


[Site "https://www.chess.com"]

[Event "Titled Tuesday Blitz February 14 Late 2023"]
[White "Prieto Aranguren, Alain"]
[Black "Bas Mas, Jose Joaquin"]
[WhiteFideId "2268906"]
[BlackFideId "22219064"]
[WhiteElo "2258"]
[BlackElo "2197"]
[Result "1-0"]
[Round "09"]
[TimeControl "180+2"]
[Date "2023.02.14"]
[WhiteClock "0:00:45"]
[BlackClock "0:00:03"]

1. e4 e6 2. Bd3 d5 3. e5 c5 4. c4 Ne7 5. Nf3 Nbc6 6. O-O Ng6 7. Bxg6 hxg6 8. d3 Be7 9. Nc3 a6 10. Re1 Rh5 11. Bf4 g5 12. Bg3 g6 13. d4 g4 14. Nd2 cxd4 15. Ne2 Nxe5 16. Nf4 Nxc4 17. Nxh5 gxh5 18. Qc2 h4 19. Bf4 Bd7 20. Qh7 Bf6 21. Nxc4 dxc4 22. Bd6 Bc6 23. Bc5 Be7 24. Qg8+ Kd7 25. Qxf7 Bd5 26. Bxd4 g3 27. fxg3 hxg3 28. h3 1-0


[Site "https://www.chess.com"]

[Event "Titled Tuesday Blitz February 14 Late 2023"]
[White "Toktomushev, Teimur"]
[Black "ArchibaldCerveza29"]
[WhiteFideId "14176726"]
[WhiteElo "2239"]
[BlackElo "2469"]
[Result "0-1"]
[Round "09"]
[TimeControl "180+2"]
[Date "2023.02.14"]
[WhiteClock "0:00:01"]
[BlackClock "0:01:55"]

1. d4 d5 2. c4 e6 3. Nc3 Nf6 4. cxd5 exd5 5. Bg5 c6 6. e3 h6 7. Bh4 Bd6 8. Bd3 O-O 9. Nge2 Re8 10. O-O Bxh2+ 11. Kh1 Bd6 12. Qc2 Nbd7 13. Rae1 Nf8 14. Nc1 Be7 15. f3 Nh5 16. Bf2 Bh4 17. N1e2 Bxf2 18. Rxf2 Rxe3 19. Qd2 Qh4+ 20. Kg1 Re7 21. f4 Bg4 22. Nd1 Bxe2 23. Rexe2 Ng3 24. Rxe7 Qh1# 0-1


[Site "https://www.chess.com"]

[Event "Titled Tuesday Blitz February 14 Late 2023"]
[White "Gonzalez, Francisco Silva"]
[Black "Seletsky, Grigory"]
[WhiteFideId "1512285"]
[BlackFideId "14112191"]
[WhiteElo "2021"]
[BlackElo "2259"]
[Result "0-1"]
[Round "09"]
[TimeControl "180+2"]
[Date "2023.02.14"]
[WhiteClock "0:00:17"]
[BlackClock "0:00:17"]

1. d4 d5 2. c4 c6 3. Nc3 Nf6 4. e3 a6 5. Qc2 b5 6. b3 Bg4 7. h3 Bh5 8. Bd3 e6 9. Nge2 Bg6 10. c5 Nbd7 11. f4 a5 12. O-O Bxd3 13. Qxd3 Be7 14. Ng3 g6 15. Bb2 a4 16. b4 Qc7 17. e4 dxe4 18. Ncxe4 O-O-O 19. Qf3 Nd5 20. a3 h5 21. Ne2 Kb7 22. Rad1 N7f6 23. Ng5 Rhf8 24. Ng3 Rd7 25. Rfe1 Bd8 26. Re5 Qc8 27. N5e4 Nxe4 28. Nxe4 Bc7 29. Re1 Qd8 30. Qg3 Rh8 31. Ng5 Re8 32. R1e2 Rf8 33. Kh1 Ne7 34. Nh7 Rh8 35. d5 Nxd5 36. Rxd5 Rxd5 37. Bxh8 Qxh8 38. Ng5 Qf6 39. Rf2 Qa1+ 40. Kh2 Rd1 41. Qe3 h4 42. g3 Rh1+ 43. Kg2 Qg1+ 44. Kf3 hxg3 45. Rd2 Qf1+ 46. Kg4 g2 47. Rxg2 Qxg2+ 48. Kh4 Rf1 49. Nxe6 fxe6 50. f5 Rf4+ 51. Qxf4 Bxf4 0-1


[Site "https://www.chess.com"]

[Event "Titled Tuesday Blitz February 14 Late 2023"]
[White "FuenfgegenWilly"]
[Black "Mikhalsky, Vladimir"]
[BlackFideId "14144352"]
[WhiteElo "2322"]
[BlackElo "2219"]
[Result "0-1"]
[Round "09"]
[TimeControl "180+2"]
[Date "2023.02.14"]
[WhiteClock "0:00:05"]
[BlackClock "0:00:20"]

1. e4 c5 2. Nc3 Nc6 3. f4 e6 4. Nf3 d5 5. Bb5 d4 6. Bxc6+ bxc6 7. Nb1 d3 8. cxd3 Qxd3 9. Qe2 Ba6 10. Qxd3 Bxd3 11. Nc3 Nf6 12. e5 Nd5 13. g3 c4 14. b3 Nb4 15. Kf2 Bc5+ 16. Kg2 Nc2 17. Rb1 Nd4 18. Ra1 cxb3 19. Nxd4 Bxd4 20. axb3 Bxc3 21. dxc3 Be4+ 22. Kg1 Bxh1 23. Kxh1 O-O 24. Be3 a5 25. Kg2 Rfb8 26. Ra3 Rb5 27. b4 h5 28. Kf3 a4 29. Bc5 Kh7 30. Ke4 Kg6 31. h3 f5+ 32. Ke3 h4 33. gxh4 Kh5 34. Be7 Rd5 35. c4 Rd1 36. b5 cxb5 37. cxb5 Rb1 38. Kd4 Rxb5 39. Rg3 g6 40. Bf6 Rb3 41. Rg5+ Kxh4 42. Rxg6+ Kxh3 43. Rh6+ Kg2 44. Rg6+ Kf3 45. Bh4 Kxf4 46. Bg5+ Kf3 47. Bh4 Rb4+ 48. Kc5 Rxh4 49. Rxe6 a3 50. Ra6 Rxa6 0-1


[Site "https://www.chess.com"]

[Event "Titled Tuesday Blitz February 14 Late 2023"]
[White "Slavin, Alexey"]
[Black "Slade, Theodore"]
[WhiteFideId "24104388"]
[BlackFideId "426547"]
[WhiteElo "2364"]
[BlackElo "1995"]
[Result "0-1"]
[Round "09"]
[TimeControl "180+2"]
[Date "2023.02.14"]
[WhiteClock "0:00:01"]
[BlackClock "0:01:08"]

1. e4 e5 2. Nf3 Nc6 3. c3 d5 4. Qa4 f6 5. d3 Be6 6. Be2 Bd6 7. b4 a6 8. O-O Ne7 9. a3 O-O 10. Qc2 Qd7 11. Nbd2 Rad8 12. Nb3 b6 13. Re1 Rfe8 14. Bf1 Bg4 15. Nfd2 Be6 16. Bb2 Ng6 17. Rad1 Bf8 18. Nf3 Bg4 19. Nbd2 Nf4 20. h3 Bh5 21. Kh2 Ne7 22. g3 Ne6 23. Bg2 c6 24. c4 d4 25. Nb3 c5 26. bxc5 bxc5 27. Na5 Rb8 28. Bc1 Nc6 29. Bd2 Qc7 30. Nxc6 Qxc6 31. Rb1 Bd6 32. Nh4 Bf7 33. Nf5 Bf8 34. Rxb8 Rxb8 35. Rb1 Rb6 36. Ba5 Rb7 37. Rb2 Qc8 38. Qb1 Rxb2 39. Qxb2 g6 40. Nh4 Be7 41. Qb6 Bd8 42. Qa7 Bxa5 43. f4 exf4 44. gxf4 Nxf4 45. Kg3 Nxd3 46. e5 Nxe5 47. Bd5 Bxd5 48. cxd5 d3 49. Ng2 d2 50. Ne3 Nc4 51. d6 Nxe3 52. d7 Qc7+ 0-1


[Site "https://www.chess.com"]

[Event "Titled Tuesday Blitz February 14 Late 2023"]
[White "Fernandez Garcia, Gumersindo"]
[Black "Abdi, Farzad"]
[WhiteFideId "24516740"]
[BlackFideId "2076829"]
[WhiteElo "2160"]
[BlackElo "2068"]
[Result "1-0"]
[Round "09"]
[TimeControl "180+2"]
[Date "2023.02.14"]
[WhiteClock "0:00:19"]
[BlackClock "0:00:18"]

1. e4 c5 2. Nc3 d6 3. f4 Nc6 4. Nf3 Bg4 5. Bc4 e6 6. O-O Nf6 7. h3 Bxf3 8. Qxf3 Be7 9. d3 a6 10. a3 Nd4 11. Qf2 b5 12. Ba2 Qc7 13. Be3 e5 14. fxe5 dxe5 15. Nd5 Qd6 16. Bg5 O-O 17. c3 Nxd5 18. Bxd5 Bxg5 19. Bxa8 Nb3 20. Rad1 Rxa8 21. Qxf7+ Kh8 22. Qxb3 Be3+ 23. Kh1 Rd8 24. Qf7 c4 25. dxc4 Qxd1 26. Rxd1 Rxd1+ 27. Kh2 h6 28. Qf8+ Kh7 29. Qf5+ Kh8 30. Qxe5 bxc4 31. Qe8+ Kh7 32. Kg3 Rd3 33. Kg4 Bf2 34. Kf5 Rg3 35. Kf4 Rg5 36. e5 Bg3+ 37. Ke4 h5 38. e6 Re5+ 39. Kf3 h4 40. Qf7 Re1 41. Qh5+ Kg8 42. Qd5 Rf1+ 43. Kg4 Rf4+ 44. Kg5 Kh7 45. e7 Rf6 46. Qe4+ g6 47. e8=Q 1-0


[Site "https://www.chess.com"]

[Event "Titled Tuesday Blitz February 14 Late 2023"]
[White "Sabar, Ethmane Daouda"]
[Black "Mazurkiewicz, Michal"]
[WhiteFideId "19600097"]
[BlackFideId "1124943"]
[WhiteElo "2040"]
[BlackElo "2145"]
[Result "1-0"]
[Round "09"]
[TimeControl "180+2"]
[Date "2023.02.14"]
[WhiteClock "0:00:11"]
[BlackClock "0:00:16"]

1. e4 d6 2. d4 Nf6 3. Nc3 c6 4. a4 e5 5. dxe5 dxe5 6. Qxd8+ Kxd8 7. Bc4 Be6 8. Bxe6 fxe6 9. Nf3 Nbd7 10. Be3 Bb4 11. Bd2 Ke7 12. O-O Rhf8 13. Rfe1 h6 14. h3 Rad8 15. Rad1 g5 16. Nb1 Bxd2 17. Rxd2 Nh5 18. Red1 Nf4 19. Kh2 Nc5 20. Rxd8 Rxd8 21. Rxd8 Kxd8 22. Nc3 Ng6 23. Kg1 a5 24. Kf1 Kc7 25. g3 Kd6 26. Ke2 Ne7 27. Nd2 Kc7 28. Nc4 Nxa4 29. Nxa4 b5 30. Nxe5 bxa4 31. Nf7 Ng6 32. Nxh6 Ne5 33. Kd2 Nc4+ 34. Kc3 Nd6 35. f3 Nb5+ 36. Kd3 c5 37. Nf7 Kd7 38. Nxg5 Nd6 39. c4 Ke7 40. e5 Nf5 41. g4 Nd4 42. f4 Nc6 43. h4 Nb4+ 44. Kc3 Na2+ 45. Kd2 Nb4 46. h5 Nc6 47. h6 Kf8 48. Nxe6+ Kf7 49. Nxc5 Kg6 50. g5 Nd4 51. Nxa4 Nf3+ 52. Ke3 Nh2 53. Nb6 Ng4+ 54. Ke4 Nf2+ 55. Kd5 Nd3 56. c5 Nxb2 57. Kd6 a4 58. Nxa4 Nxa4 59. c6 Nb6 60. c7 Nc8+ 61. Kd7 Nb6+ 62. Kd8 Kf5 63. h7 Ke6 64. h8=Q Nc8 65. Qf6+ Kd5 66. Kxc8 Ke4 67. e6 1-0


[Site "https://www.chess.com"]

[Event "Titled Tuesday Blitz February 14 Late 2023"]
[White "Fernandez, Maria Florencia"]
[Black "Bongo Akanga Ndjila, Barthelemy"]
[WhiteFideId "116459"]
[BlackFideId "10609431"]
[WhiteElo "2129"]
[BlackElo "1824"]
[Result "1-0"]
[Round "09"]
[TimeControl "180+2"]
[Date "2023.02.14"]
[WhiteClock "0:01:28"]
[BlackClock "0:00:06"]

1. d4 d5 2. c4 e6 3. Nc3 Nf6 4. cxd5 exd5 5. Bg5 c6 6. e3 Be7 7. Bd3 a6 8. Qc2 h6 9. Bh4 Be6 10. Nge2 Nbd7 11. O-O-O O-O 12. Kb1 b5 13. Rc1 Qb6 14. h3 Rfc8 15. g4 Bd6 16. g5 hxg5 17. Bxg5 c5 18. Rcg1 cxd4 19. Nxd4 b4 20. Na4 Qa5 21. Qb3 Ne5 22. Bf5 Ne4 23. Bxe4 dxe4 24. Nxe6 Nd3 25. Bf6 g6 26. Rxg6+ fxg6 27. Ng5+ Kf8 28. Qf7# 1-0


[Site "https://www.chess.com"]

[Event "Titled Tuesday Blitz February 14 Late 2023"]
[White "Balog, Imre"]
[Black "Rian, Kapriaga"]
[WhiteFideId "728446"]
[BlackFideId "7103263"]
[WhiteElo "2615"]
[BlackElo "2089"]
[Result "0-1"]
[Round "09"]
[TimeControl "180+2"]
[Date "2023.02.14"]
[WhiteClock "0:00:01"]
[BlackClock "0:00:12"]

1. e4 c6 2. d4 d5 3. Nd2 dxe4 4. Nxe4 Bf5 5. Ng3 Bg6 6. Nh3 e6 7. Nf4 Bd6 8. h4 Bxf4 9. Bxf4 h6 10. c3 Nf6 11. Bd3 Bxd3 12. Qxd3 O-O 13. Ne2 c5 14. Qf3 cxd4 15. Qxb7 Nbd7 16. cxd4 Nd5 17. Bd6 Re8 18. Nc3 N7b6 19. Bg3 Qf6 20. O-O Qxd4 21. Rad1 Qc4 22. Nxd5 Nxd5 23. b3 Qc2 24. Rfe1 Qxa2 25. Qb5 Red8 26. Qc4 Rac8 27. Qg4 Kh7 28. Be5 Rg8 29. Bg3 Qxb3 30. Qe4+ Kh8 31. Qf3 Qxf3 32. gxf3 Ra8 33. Ra1 a5 34. Be5 Rgc8 35. Rec1 Rxc1+ 36. Rxc1 a4 37. Ra1 Kg8 38. Kf1 f6 39. Bd4 g5 40. hxg5 hxg5 41. Ke2 Kf7 42. Bb2 e5 43. Ba3 Ke6 44. Kd3 Rc8 45. Ke2 Rc2+ 46. Ke1 Rc3 47. Bf8 Nf4 48. Rxa4 Rxf3 49. Ra6+ Kf5 50. Bc5 Rc3 51. Be3 Nd5 52. Rd6 Nxe3 0-1


[Site "https://www.chess.com"]